 Dungeon Crawl Stone Soup version 0.19-a0-734-ge18daf0 (webtiles) character file.

108 zero the Poker (level 4, 0/37 HPs)
             Began as a Minotaur Gladiator on June 22, 2016.
             Slain by Barrydekale's ghost (7 damage)
             ... on level 3 of the Dungeon.
             The game lasted 00:01:50 (1681 turns).

zero the Poker (Minotaur Gladiator)                 Turns: 1681, Time: 00:01:50

Health: 0/37       AC:  3    Str: 20    XL:     4   Next: 58%
Magic:  3/3        EV: 12    Int:  5    God:
Gold:   110        SH:  0    Dex: 11    Spells: 0 memorised, 3 levels left

rFire  . . .     SeeInvis .     a - +0 trident
rCold  . . .     Gourm    .     b - +0 leather armour
rNeg   . . .     Faith    .     (no shield)
rPois  .         Spirit   .     c - +0 hat
rElec  .         Dismiss  .     (no cloak)
rCorr  .         Reflect  .     (no gloves)
SustAt .         Harm     .     (no boots)
MR     .....                    (no amulet)
Stlth  +.........               (no ring)
                                (no ring)

@: hasted, very quick, not resistant to hostile enchantments, very unstealthy
A: retaliatory headbutt, horns 2
a: no special abilities


You were on level 3 of the Dungeon.
You were not hungry.

You visited 1 branch of the dungeon, and saw 3 of its levels.

You collected 110 gold pieces.

Inventory:

Hand Weapons
 a - a +0 trident (weapon)
Missiles
 d - 4 throwing nets (quivered)
Armour
 b - a +0 leather armour (worn)
 c - a +0 hat (worn)
Jewellery
 g - an uncursed amulet of dismissal {unknown}
 u - a +2 ring of evasion {unknown}
Scrolls
 h - 4 scrolls of identify {unknown}
 i - a scroll of magic mapping {unknown}
 l - a scroll of fear {unknown}
 p - 2 scrolls of recharging {unknown}
 v - a scroll of amnesia {unknown}
 w - 2 scrolls of remove curse {unknown}
Potions
 e - a potion of haste
 j - a potion of lignification {unknown}
 k - a potion of degeneration {unknown}
 n - a potion of might {unknown}
 o - a potion of invisibility {unknown}
 r - a potion of brilliance {unknown}
 s - a potion of curing {unknown}
 t - a potion of flight {unknown}
Comestibles
 f - 3 bread rations
 m - a meat ration
 q - 4 chunks of flesh


   Skills:
 - Level 2.4 Fighting
 + Level 6.5 Polearms
 - Level 2.0 Throwing
 - Level 3.2 Dodging


You had 3 spell levels left.
You didn't know any spells.

Dungeon Overview and Level Annotations

Branches:
Dungeon (3/15)

Altars:

Annotations:
D:3 Barrydekale's ghost, amateur TrMo


Innate Abilities, Weirdness & Mutations

You reflexively headbutt those who attack you in melee.
You have a pair of horns on your head.


Message History

You puncture Barrydekale's ghost!
Barrydekale's ghost is moderately damaged.
Barrydekale's ghost hits you!
Barrydekale's ghost is nearby!
You closely miss Barrydekale's ghost.
Barrydekale's ghost is moderately damaged.
Barrydekale's ghost barely misses you.
Barrydekale's ghost is nearby!
You hit Barrydekale's ghost. You headbutt Barrydekale's ghost!
Barrydekale's ghost is heavily damaged.
Barrydekale's ghost hits you!
Barrydekale's ghost is nearby!
You barely miss Barrydekale's ghost.
Barrydekale's ghost is heavily damaged.
Barrydekale's ghost hits you.
* * * LOW HITPOINT WARNING * * *
Sorry, you're not good enough to have a special ability.
It was a potion of haste.
You feel yourself speed up. Barrydekale's ghost hits you!
You die...

...... ....#
#.##.##.# ....#
#.##.##.# #...#
..#.##<##.# #...#
#.#.##.##.# #...##
...........#####.....
##.#.##..........).##
#.#W############....
#.#@# ##.## #.#.# #.#
##.#.# #.## ##....#
#... ########.###.#
#### .........# #.#
########.###.#
##...##### #.......#


You could see Barrydekale's ghost.

Vanquished Creatures
  4 adders
  An ooze (D:3)
  3 worms (D:2)
  3 dart slugs
  A giant gecko (D:2)
  2 ball pythons (D:1)
  6 giant cockroaches
  3 goblins (D:1)
  8 hobgoblins
  2 jackals (D:2)
  2 kobolds (D:2)
  3 quokkas
  5 bats
  A giant newt (D:1)
  9 rats
53 creatures vanquished.

Notes
Turn   | Place    | Note
--------------------------------------------------------------
     0 | D:1      | zero the Minotaur Gladiator began the quest for the Orb.
     0 | D:1      | Reached XP level 1. HP: 18/18 MP: 0/0
    43 | D:1      | Reached skill level 4 in Polearms
    77 | D:1      | Reached XP level 2. HP: 25/25 MP: 1/1
   362 | D:1      | Reached skill level 5 in Polearms
   444 | D:1      | Reached XP level 3. HP: 19/30 MP: 2/2
  1021 | D:2      | Found a faded altar of an unknown god.
  1290 | D:2      | Reached XP level 4. HP: 37/37 MP: 3/3
  1411 | D:2      | Reached skill level 6 in Polearms
  1675 | D:3      | Noticed Barrydekale's ghost (amateur TrMo)
  1681 | D:3      | Slain by Barrydekale's ghost

Vault maps used:
D:1:      onia_arrival_larder
D:2:      ecumenical_altar_1, minmay_misc_feat_diagonals
D:3:      uniq_terence

Skill      XL: |  1  2  3  4 |
---------------+-------------+-----
Polearms       | 4 5 6 |  6.5
Fighting       | |  2.4
Throwing       | |  2.0
Dodging        | |  3.2

Action                   |  1- 3 |  4- 6 || total
-------------------------+-------+-------++-------
Melee: Trident           |   107 |    31 ||   138
       Headbutt          |     9 |     4 ||    13
  Use: Potion            |       |     1 ||     1
 Stab: Sleeping          |     3 |       ||     3
  Eat: Chunk             |     1 |       ||     1
       Beef jerky        |       |     1 ||     1
Armor: Leather armour    |    17 |     1 ||    18
Dodge: Dodged            |    36 |    13 ||    49
